AoeStats
← 不要忘了我们曾经为何而战

Hideout

510134211Analyzed
1v1 RM · 18h ago on Sep 29, 2026· 39m 59s· 2 players
Game mode
Random Map
Map size
Tiny (2 player)
Population
200
Speed
Normal
Resources
Standard
Victory
Conquest
Starting age
Dark Age
Ending age
Imperial Age
RankedLock teamsTeams togetherTeam positionsShared explorationLock speedFull tech treeHidden civsTurbo modeCheats
Victory
Defeat
1197
+17
🇨🇴 Varangians · Colombia
1221
-17
不要忘了我们曾经为何而战
10:04 Feudal Age
11:56 Loom
14:47 Castle Age
12:33 Horse Collar
13:04 Double-Bit Axe
16:21 Bow Saw
17:11 Heavy Plow
21:16 Stone Mining
21:20 Gold Mining
22:41 Wheelbarrow
22:29 Light Cavalry
29:22 Imperial Age
29:01 Husbandry
29:53 Scale Barding Armor
29:58 Forging
30:36 Conscription
30:35 Hand Cart
30:08 Town Watch
30:44 Bloodlines
30:28 Fletching
31:00 Chain Barding Armor
31:25 Iron Casting
31:51 Crop Rotation
31:11 Elite Skirmisher
33:10 Blast Furnace
32:46 Plate Barding Armor
33:16 Chemistry
32:34 Bodkin Arrow
33:40 Padded Archer Armor
34:28 Redemption
34:49 Elite Boyar
35:32 Capped Ram
36:28 Scale Mail Armor
37:03 Ballistics
36:32 Siege Ram
37:39 Leather Archer Armor
38:52 Ring Archer Armor
39:25 Gold Shaft Mining
BO21 | Goku
10:01 Feudal Age
13:57 Castle Age
12:16 Double-Bit Axe
12:26 Horse Collar
17:14 Town Watch
18:29 Light Cavalry
20:59 Forging
22:44 Fervor
22:47 Scale Barding Armor
24:01 Bow Saw
24:52 Heavy Plow
26:12 Scale Mail Armor
27:18 Wheelbarrow
26:38 Gold Mining
26:40 Stone Mining
28:05 Squires
27:51 Arson
29:57 Chain Mail Armor
29:53 Pikeman
30:19 Gambesons
32:59 Hand Cart
33:53 Stone Shaft Mining
35:51 Imperial Age
34:07 Iron Casting
34:39 Fletching
35:34 Town Patrol
35:40 Husbandry
35:50 Bloodlines
36:02 Chain Barding Armor
35:43 Vendel Legacy
36:19 Gothikon
37:23 Conscription
37:17 Elite Varangian Guard
39:00 Plate Mail Armor
38:27 Bodkin Arrow
39:11 Halberdier
Connection lost

Rejoining the realm…

Still unreachable

The connection could not be restored.

Session expired

The server has moved on; the page needs a fresh start.